 Dungeon Crawl Stone Soup version 0.8.0-151-ga56b52c character file.

89475 nothiba the Swashbuckler (level 16, -10/110 HPs)
             Began as a Kobold Berserker on May 15, 2011.
             Was a High Priest of Trog.
             Engulfed by a cloud of flame (16 damage)
             ... on Level 18 of the Dungeon.
             The game lasted 06:09:46 (38508 turns).

nothiba the Swashbuckler (Kobold Berserker)        Turns: 38508, Time: 06:09:46

HP -10/110       AC 11     Str 19 Exp: 16/123967 (1441), need: 19033
MP  18/18        EV 25     Int 12      God: Trog [*****.]
Gold 2699        SH 18     Dex 20      Spells:  0 memorised, 17 levels left

Res.Fire  : . . .   See Invis. : +   a - +2,+8 sabre "Cligu" {god gift, freeze, Str Res.Cold : + . . Warding : . . f - +0 leather armour of Fanlohur {+Inv rC+ MR Life Prot.: . . . Conserve : + x - +0 dwarf buckler Res.Acid. : + . . Res.Corr. : + k - +1 wizard hat {Int+3}
Res.Poison: .       Clarity    : .   V - +1 cloak {rCorr, Cons}
Res.Elec. : .       Spirit.Shd : .   A - +2 pair of gloves
Sust.Abil.: . .     Stasis     : .   J - +1 pair of boots
Res.Mut.  : .       Ctrl.Telep.: +   (no amulet)
Res.Rott. : .       Levitation : .   g - ring of levitation
Saprovore : + + .   Ctrl.Flight: .   l - ring of sustenance

@: extremely resistant to hostile enchantments, very stealthy
A: horns 1, see invisible, carnivore 3, saprovore 2, teleport control, Str +1,
Dex +1
a: Burn Spellbooks, Berserk, Trog's Hand, Brothers in Arms, Renounce Religion,
Evoke Invisibility, Evoke Levitation


You were on level 18 of the Dungeon.
You worshipped Trog.
Trog was exalted by your worship.
You were very full.

You visited 4 branches of the dungeon, and saw 31 of its levels.
You visited 2 portal chambers: bailey, spiders nest.

You collected 3007 gold pieces.
You spent 328 gold pieces at shops.

Inventory:

Hand weapons
 a - the +2,+8 sabre "Cligu" (weapon) {god gift, freeze, Str-1 Int+4}
   (Trog gifted it to you on level 3 of the Orcish Mines)

   It has been specially enchanted to freeze those struck by it, causing extra
   injury to most foes and up to double damage against particularly susceptible
   opponents.
   It can also slow down cold-blooded creatures.
   It affects your strength (-1).
   It affects your intelligence (+4).
 b - a +3,+2 sling of frost
 U - a +3,+4 sabre of electrocution
Missiles
 i - 62 +0 sling bullets
 D - 4 +2 sling bullets of flame {god gift}
 L - 5 +0 sling bullets of flame {god gift}
 M - 8 +0 sling bullets of frost {god gift}
 P - 8 silver +4 sling bullets
 Y - 14 poisoned +0 sling bullets {god gift}
Armour
 f - the +0 leather armour of Fanlohur (worn) {+Inv rC+ MR}
   (You found it on level 6 of the Dungeon)

   It protects you from cold.
   It increases your resistance to enchantments.
   It lets you turn invisible.
 k - a +1 wizard hat of intelligence (worn)
 x - a +0 dwarven buckler (worn)
 A - a +2 pair of gloves (worn)
 J - a +1 pair of boots (worn)
 V - a +1 cloak of preservation (worn)
Magical devices
 o - a wand of teleportation (5)
 q - a wand of confusion (7)
 v - a wand of disintegration (23)
 y - a wand of polymorph other (9)
 F - a wand of slowing (3)
 Q - a wand of disintegration (13)
 T - a wand of paralysis (6) {unknown}
 X - a wand of lightning (3)
 Z - a wand of fire (1)
Comestibles
 c - 12 meat rations
Scrolls
 j - 2 scrolls of detect curse
 m - a scroll of teleportation
 p - a scroll of fog
 H - a scroll of magic mapping
 I - a scroll of blinking
Jewellery
 g - a ring of levitation (right hand)
 l - a ring of sustenance (left hand)
Potions
 d - 27 potions of healing
 e - a potion of cure mutation
 s - 2 potions of speed
 t - a potion of invisibility
 u - 2 potions of restore abilities
 B - 5 potions of might
 O - a potion of brilliance You had 1441 experience left.


   Skills:
 + Level 14 Fighting
 - Level 16 Short Blades
 - Level 3 Maces & Flails
 - Level 11 Slings
 - Level 11 Throwing
 - Level 3 Armour
 + Level 12 Dodging
 + Level 6 Stealth
 + Level 7 Stabbing
 - Level 5 Shields
 - Level 1 Traps & Doors
 + Level 6 Unarmed Combat
 + Level 1 Spellcasting
 + Level 7 Evocations


You had 17 spell levels left.
You didn't know any spells.

Dungeon Overview and Level Annotations

Branches:
Dungeon (18/27)            Temple (1/1) D:5             Orc (4/4) D:10
    Elf (0/5) Orc:4          Lair (8/8) D:11          Swamp (0/5) Lair:4
 Shoals (0/5) Lair:5        Slime (0/6) Lair:6         Hive (0/2) D:16
  Vault (0/8) D:18

Altars:
Ashenzari
Cheibriados
Elyvilon
Fedhas
Kikubaaqudgha
Makhleb
Nemelex Xobeh
Okawaru
Sif Muna
The Shining One
Trog
Vehumet
Xom
Yredelemnul
Zin
Beogh

Shops:
D:15: ( Orc:2: [ Orc:4: +*!!(


Innate Abilities, Weirdness & Mutations

You recuperate from illness quickly.
You are small and have problems with some larger weapons.
You are carnivorous and can eat meat at any time.
You can eat rotten meat.
You have a pair of small horns on your head.
You have supernaturally acute eyesight.
You are agile (Dex +1).
Your muscles are strong (Str +1).
You can control translocations.


Message History

The blast of flame engulfs you!
* * * LOW HITPOINT WARNING * * *
You slash the fire crab!
You kill the fire crab!
Trog accepts your kill.
You are engulfed in roaring flames.
You die... ∙∙∙∙∙∙∙∙ ∙∙∙∙∙∙∙∙∙ ∙∙∙∙∙∙∙∙∙

▒▒▒▒▒▒∙∙∙ ▒▒∙∙ ▒▒▒▒▒▒▒▒▒
▒∙∙ ▒▒▒▒∙∙∙∙∙∙∙▒ ▒∙∙
∙∙∙[∙∙∙∙∙∙∙∙▒ ▒∙∙
∙∙∙∙∙∙∙∙∙∙∙∙▒▒▒▒▒▒▒▒▒▒▒▒∙∙
∙∙∙∙∙∙∙∙∙∙∙∙▒▒>∙∙∙(∙∙∙∙∙▒▒
∙∙∙∙∙∙∙∙∙∙∙∙∙▒▒▒▒▒▒▒▒▒▒▒∙▒
∙∙∙∙∙∙∙∙@∙∙∙∙∙(∙∙∙∙▒ ▒∙▒
▒▒▒▒▒▒∙∙∙∙∙∙∙▒▒▒▒▒∙▒ ▒∙▒
▒∙∙∙∙∙∙∙▒ ▒∙▒ ▒∙▒
▒∙∙∙∙∙∙∙▒ ▒∙▒▒▒▒▒∙▒
▒▒▒▒▒▒∙▒▒ ▒∙∙∙∙∙▒∙▒
▒∙▒▒▒▒▒▒▒▒▒▒∙▒∙▒
▒∙▒∙∙∙∙∙∙∙∙∙∙▒∙▒
▒∙▒∙▒▒▒▒▒▒▒▒▒▒∙▒
▒∙▒∙▒▒▒▒▒▒▒▒▒▒∙▒
▒∙∙∙∙∙∙∙∙∙∙∙∙▒
▒▒▒▒▒▒▒▒▒▒▒▒▒▒


There were no monsters in sight!

Vanquished Creatures
  Kirke (D:17)
  Gastronok (Lair:5)
  Jozef (Lair:1)
  5 hydras
  3 ogre magi
  4 death yaks
  2 centaur warriors
  A stone giant skeleton (D:18)
  3 griffons
  3 skeletal warriors (D:16)
  A wizard (D:16)
  An unseen horror (D:16)
  An iron troll zombie (D:17)
  A giant amoeba (D:18)
  2 orc knights
  A hydra zombie (D:12)
  Urug (D:11)
  6 cyclopes
  2 orc sorcerers (D:17)
  Maurice (D:8)
  A fire crab (D:18)
  A griffon zombie (D:16)
  24 slime creatures
  A dragon zombie (D:15)
  A wolf spider (D:15)
  2 elephants (Lair:8)
  2 yaktaurs
  4 black mambas
  17 ugly things
  7 spiny frogs
  A giant toad zombie (D:14)
  An ice dragon skeleton (D:17)
  4 komodo dragons
  Sonja (D:14)
  A rock troll zombie (D:18)
  A raven (shapeshifter) (D:14)
  13 two-headed ogres
  5 trolls
  11 blink frogs
  A rock worm (D:15)
  10 giant toads
  An ice dragon simulacrum (D:16)
  A wyvern (Lair:7)
  A vampire (D:15)
  37 yaks
  14 war dogs
  A steam dragon (D:9)
  7 hippogriffs
  A wood golem (D:14)
  3 hogs (D:17)
  3 vampire mosquitoes (D:18)
  4 fire drakes
  A necrophage (D:11)
  2 manticores
  A mottled dragon (D:16)
  A cyclops zombie (D:14)
  An orange crystal statue (D:9)
  4 ice beasts
  20 orc warriors
  A giant goldfish (D:15)
  2 sky beasts
  A phantom (D:7)
  A yak zombie (D:14)
  30 ogres
  3 boring beetles
  12 centaurs
  4 wargs
  2 wolves (Lair:8)
  A yellow wasp (D:17)
  5 gila monsters
  Sigmund (D:5)
  3 giant slugs
  17 crocodiles
  9 water moccasins
  A giant leech (Lair:2)
  15 giant frogs
  A human (shapeshifter) (D:17)
  Blork the orc (Orc:2)
  A water moccasin skeleton (D:15)
  3 agate snails (Lair:3)
  A two-headed ogre zombie (D:16)
  12 killer bees (D:16)
  3 jellyfish
  2 boulder beetles
  A spider (Port)
  5 electric eels (D:15)
  A gila monster skeleton (D:11)
  A big fish (D:15)
  13 imps
  2 shadows
  13 orc priests
  19 hounds
  2 scorpions
  25 orc wizards
  4 orange rats (D:15)
  A deep elf soldier (D:11)
  A quasit (D:8)
  6 porcupines
  9 worker ants
  A worker ant zombie (D:15)
  4 spectral orcs (D:15)
  11 iguanas
  19 sheep
  Ijyb (D:5)
  3 boggarts (D:17)
  14 jellies
  A goliath beetle zombie (D:15)
  45 green rats
  A giant centipede (Lair:3)
  4 gnolls (D:8)
  19 snakes
  A giant centipede zombie (D:17)
  A shadow imp (D:7)
  A snake skeleton (D:16)
  A giant mite (shapeshifter) (D:17)
  A white imp (D:7)
  8 worms
  2 grey rats (D:15)
  8 giant geckos
  18 oozes
  123 orcs
  6 giant cockroaches
  20 hobgoblins
  21 jackals
  26 kobolds
  15 quokkas
  3 small snakes
  9 giant newts
  29 goblins
  A hobgoblin skeleton (D:9)
  A hobgoblin zombie (D:5)
  34 megabats
  2 orc zombies
  27 rats
  A rat skeleton (D:11)
  2 ballistomycetes (D:13)
  A bush (Lair:8)
  4 fungi
  5 plants
  9 toadstools
991 creatures vanquished.

Vanquished Creatures (collateral kills)
  Nikola (D:15)
  Snorg (D:14)
  12 death yaks
  Nergalle (D:15)
  A very ugly thing (D:17)
  An orc knight (Orc:4)
  A spiny worm (Lair:8)
  An elephant slug (Lair:7)
  2 elephants (Lair:8)
  A slime creature (D:15)
  A hellwing (D:17)
  2 two-headed ogres (Orc:4)
  A blink frog (Lair:8)
  A hog (D:17)
  Grum (Orc:3)
  A fire drake (Lair:7)
  4 war dogs
  2 hell hounds (Lair:8)
  3 orc warriors (Orc:4)
  2 centaurs (D:14)
  A warg (Lair:8)
  7 ogres
  A water moccasin (Lair:7)
  3 wolves (Lair:8)
  An electric eel (D:15)
  A goliath beetle (D:15)
  An orc priest (Orc:2)
  An orc wizard (Orc:3)
  A sheep (D:17)
  3 spectral orcs (D:15)
  A snake (Lair:8)
  15 orcs
  A goblin (Orc:3)
  A giant newt (D:15)
  A plant (Lair:7)
79 creatures vanquished.

Vanquished Creatures (others)
  A centaur warrior (D:17)
  6 slime creatures
  4 ogres
  A yak (D:12)
  A small abomination (D:15)
  A hound (Lair:4)
  An orc priest (D:9)
  A sheep (D:16)
  A worm (D:17)
  An orc (Orc:2)
  A jackal (Lair:8)
  2 giant spores (D:13)
  A quokka (Lair:3)
  A rat (D:1)
  8 fungi
  2 plants
  17 toadstools
50 creatures vanquished.

Grand Total: 1120 creatures vanquished

Notes
Turn   | Place    | Note
--------------------------------------------------------------
     0 | D:1      | nothiba, the Kobold Berserker, began the quest for the Orb.
     0 | D:1      | Reached XP level 1. HP: 13/13 MP: 0/0
   777 | D:1      | Reached XP level 2. HP: 10/17 MP: 1/1
  1272 | D:1      | Reached skill level 1 in Slings
  1281 | D:1      | Reached XP level 3. HP: 15/22 MP: 2/2
  1397 | D:1      | Acquired Trog's second power
  2145 | D:2      | Reached XP level 4. HP: 18/26 MP: 3/3
  3221 | D:2      | Reached skill level 1 in Stealth
  3457 | D:3      | Reached XP level 5. HP: 30/32 MP: 4/4
  3737 | D:3      | Reached skill level 4 in Slings
  3759 | D:4      | Reached skill level 1 in Short Blades
  3970 | D:4      | Reached XP level 6. HP: 35/35 MP: 5/5
  4120 | D:4      | Reached skill level 1 in Throwing
  4356 | D:4      | Reached skill level 5 in Slings
  4650 | D:5      | Entered Level 5 of the Dungeon
  4688 | D:4      | Reached skill level 6 in Slings
  4694 | D:4      | Reached XP level 7. HP: 41/41 MP: 6/6
  4811 | D:5      | Noticed Sigmund
  4819 | D:5      | Defeated Sigmund
  5099 | D:5      | Noticed Ijyb
  5107 | D:5      | Reached skill level 7 in Slings
  5115 | D:5      | Defeated Ijyb
  5422 | D:5      | Found a staircase to the Ecumenical Temple.
  5570 | Temple   | Entered the Ecumenical Temple
  5810 | D:6      | Got a faintly humming leather armour
  5817 | D:6      | Identified the +0 leather armour of Fanlohur (You found it on level 6 of the Dungeon)
  6031 | D:6      | Reached skill level 5 in Throwing
  6154 | Temple   | Gained mutation: You can control translocations.
  6154 | Temple   | Gained mutation: You have supernaturally acute eyesight.
  6154 | Temple   | Gained mutation: You have a pair of small horns on your head.
  6155 | Temple   | thats soooo awesome +control tel; +horns +see invis
  6155 | Temple   | thanks trog
  6331 | D:6      | Reached XP level 8. HP: 33/44 MP: 7/7
  6335 | D:6      | Acquired Trog's third power
  7098 | D:7      | Reached skill level 5 in Short Blades
  7580 | D:7      | Reached XP level 9. HP: 45/52 MP: 8/8
  7768 | D:7      | Noticed a slime creature
  7810 | D:7      | Reached skill level 1 in Evocations
  7875 | D:7      | Defeated a slime creature
  7892 | D:7      | Reached skill level 1 in Unarmed Combat
  7899 | D:7      | Reached skill level 8 in Throwing
  8162 | D:7      | Reached skill level 5 in Dodging
  8181 | D:7      | Reached skill level 5 in Fighting
  8253 | D:7      | Received a gift from Trog
  8690 | D:7      | Gained mutation: Your muscles are strong (Str +1).
  8940 | D:8      | Noticed Maurice
  8953 | D:8      | Defeated Maurice
  9196 | D:8      | Reached XP level 10. HP: 51/58 MP: 9/9
 10600 | D:9      | Found a glowing golden altar of the Shining One.
 10763 | D:9      | Received a gift from Trog
 10799 | D:9      | Reached skill level 1 in Shields
 11481 | D:9      | Got a fine dagger
 11482 | D:9      | Identified the dagger "Wojoivuj" {slay orc, Dex+4 Int+4} (You found it on level 9 of the Dungeon)
 11504 | D:9      | Reached skill level 9 in Short Blades
 11766 | D:10     | Entered Level 10 of the Dungeon
 12071 | Temple   | Gained mutation: You are agile (Dex +1).
 12333 | D:10     | Found a staircase to the Orcish Mines.
 12414 | D:10     | Found a roughly hewn altar of Beogh.
 12420 | D:10     | Reached skill level 10 in Short Blades
 12432 | D:10     | Received a gift from Trog
 12888 | Orc:1    | Entered Level 1 of the Orcish Mines
 12925 | Orc:1    | Reached skill level 1 in Stabbing
 13580 | Orc:1    | Received a gift from Trog
 13751 | Orc:2    | Found a flagged portal. 13763
                  | bailey
                  | Entered the bailey 13922
                  | bailey
                  | Found a burning altar of Makhleb.
 14315 | Orc:1    | Reached XP level 11. HP: 70/70 MP: 10/10
 14417 | Orc:2    | Noticed Blork the orc
 14440 | Orc:2    | Defeated Blork the orc
 14682 | Orc:3    | Noticed Grum
 14698 | Orc:3    | Defeated Grum
 14709 | Orc:3    | Received a gift from Trog
 15010 | Orc:4    | Entered Level 4 of the Orcish Mines
 15030 | Orc:2    | Reached skill level 1 in Traps & Doors
 15031 | Orc:2    | Found Breppuur's Armour Shoppe.
 15040 | Orc:2    | Received a gift from Trog
 16200 | Orc:4    | Noticed a two-headed ogre
 16206 | Orc:4    | Noticed an ogre mage
 16206 | Orc:4    | Defeated a two-headed ogre
 16208 | Orc:4    | Noticed a two-headed ogre
 16212 | Orc:4    | Defeated a two-headed ogre
 16216 | Orc:4    | Noticed a two-headed ogre
 16217 | Orc:4    | Noticed a two-headed ogre
 16228 | Orc:4    | Noticed a two-headed ogre
 16231 | Orc:4    | Noticed a two-headed ogre
 16258 | Orc:4    | Defeated a two-headed ogre
 16320 | Orc:3    | Received a gift from Trog
 16321 | Orc:3    | Got an iridescent sabre {god gift}
 16322 | Orc:3    | Identified the sabre "Cligu" {god gift, freeze, Str-1 Int+4} (Trog gifted it to you on level 3 of the Orcish Mines)
 16348 | Orc:4    | Defeated a two-headed ogre
 16554 | Orc:4    | Defeated a two-headed ogre
 16634 | Orc:4    | Noticed a two-headed ogre
 16644 | Orc:4    | Defeated a two-headed ogre
 16668 | Orc:4    | Defeated an ogre mage
 16708 | Orc:4    | Defeated a two-headed ogre
 16893 | Orc:4    | Found Schues' Distillery.
 16894 | Orc:4    | Found Staoteur's Book Shoppe.
 16894 | Orc:4    | Found Uclol's General Store.
 16894 | Orc:4    | Found Chepsoif's Distillery.
 16895 | Orc:4    | Noticed an ogre mage
 16908 | Orc:4    | Defeated an ogre mage
 16908 | Orc:4    | Reached XP level 12. HP: 77/77 MP: 11/11
 16975 | Orc:4    | Bought a potion of speed for 40 gold pieces
 16975 | Orc:4    | Bought a potion of speed for 40 gold pieces
 16975 | Orc:4    | Bought a potion of healing for 32 gold pieces
 16975 | Orc:4    | Bought a potion of heal wounds for 48 gold pieces
 16977 | Orc:4    | Bought 2 potions of healing for 48 gold pieces
 16977 | Orc:4    | Bought 2 potions of healing for 48 gold pieces
 16977 | Orc:4    | Bought 2 potions of healing for 48 gold pieces
 16977 | Orc:4    | Bought a potion of healing for 24 gold pieces
 17042 | Orc:4    | Noticed a two-headed ogre
 17051 | Orc:4    | Defeated a two-headed ogre
 17126 | Orc:4    | Found a staircase to the Elven Halls.
 17139 | Orc:4    | Noticed a two-headed ogre
 17148 | Orc:4    | Defeated a two-headed ogre
 17228 | Orc:4    | Noticed a two-headed ogre
 17234 | Orc:4    | Defeated a two-headed ogre
 17291 | Orc:4    | Found Suku Hil's Antique Weapon Emporium.
 17533 | Orc:4    | Reached skill level 11 in Short Blades
 17855 | D:11     | Received a gift from Trog
 17906 | D:11     | Found a blossoming altar of Fedhas.
 17941 | D:11     | Reached skill level 1 in Spellcasting
 18120 | D:11     | Noticed Urug
 18137 | D:11     | Defeated Urug
 18212 | D:11     | Found a staircase to the Lair.
 18390 | Lair:1   | Entered Level 1 of the Lair of Beasts
 18455 | Lair:1   | Noticed Jozef
 18468 | Lair:1   | Defeated Jozef
 18810 | Lair:1   | Reached skill level 10 in Fighting
 19923 | Lair:2   | Received a gift from Trog
 20262 | Lair:2   | oh boy im gonna die soon :
 20675 | Lair:3   | Received a gift from Trog
 21603 | Lair:4   | Reached XP level 13. HP: 76/85 MP: 15/15
 21985 | Lair:4   | Found a staircase to the Swamp.
 22063 | Lair:4   | Found a crumbling entrance.
 22079 | Spider   | Entered a spider's nest
 22314 | Lair:5   | Noticed Gastronok
 22338 | Lair:5   | Defeated Gastronok
 22535 | Lair:5   | Received a gift from Trog
 22733 | Lair:5   | Found a staircase to the Shoals.
 22810 | Lair:5   | Reached skill level 10 in Slings
 23342 | Lair:6   | Found a staircase to the Slime Pits.
 23364 | Lair:6   | Received a gift from Trog
 23549 | Lair:6   | Received a gift from Trog
 24285 | Lair:7   | Reached XP level 14. HP: 74/91 MP: 16/16
 24731 | Lair:7   | Received a gift from Trog
 25003 | Lair:7   | Reached skill level 10 in Throwing
 25407 | Lair:8   | Entered Level 8 of the Lair of Beasts
 25734 | Lair:8   | Reached skill level 5 in Stealth
 26982 | Lair:8   | Reached skill level 12 in Fighting
 27084 | Lair:8   | Reached skill level 5 in Shields
 27099 | Lair:8   | Reached skill level 10 in Dodging
 27136 | Lair:8   | Received a gift from Trog
 27213 | Lair:8   | Received a gift from Trog
 27237 | Lair:8   | Got a rusty dagger
 27275 | Lair:8   | Identified the dagger "Morg" {pain, MR Int+5} (You found it on level 8 of the Lair of Beasts)
 27510 | Lair:8   | Noticed a spiny worm
 27533 | Lair:8   | Defeated a spiny worm
 28310 | D:12     | Found a shimmering altar of Xom.
 28324 | D:12     | Reached skill level 5 in Evocations
 28731 | Temple   | Identified a scroll of acquirement
 29151 | D:12     | Received a gift from Trog
 30623 | D:13     | Reached XP level 15. HP: 100/100 MP: 17/17
 30625 | D:13     | Received a gift from Trog
 30839 | D:14     | Got a smoking dagger
 30840 | D:14     | Identified the dagger of Hacking and Slashing {freeze, Str+2 Stlth++} (You found it on level 14 of the Dungeon)
 30882 | D:14     | Reached skill level 5 in Stabbing
 30955 | D:14     | Noticed Sonja
 30973 | D:14     | Defeated Sonja
 31021 | D:14     | Noticed Snorg
 31047 | D:14     | Defeated Snorg
 31888 | D:15     | Entered Level 15 of the Dungeon
 31889 | D:15     | Noticed Nergalle
 31936 | D:15     | Noticed Nikola
 31947 | D:15     | Defeated Nikola
 31962 | D:15     | Defeated Nergalle
 31975 | D:15     | Reached skill level 13 in Short Blades
 32004 | D:15     | Identified a +1 cloak of preservation (You took it off Nikola on level 15 of the Dungeon)
 32527 | D:14     | Reached skill level 14 in Short Blades
 33069 | D:15     | Found Asiow's Antique Weapon Boutique.
 33406 | D:16     | Reached skill level 15 in Short Blades
 33543 | D:16     | Found a staircase to the Hive.
 33621 | D:16     | Received a gift from Trog
 33956 | D:16     | Received a gift from Trog
 34205 | D:16     | Received a gift from Trog
 34211 | D:16     | Reached skill level 16 in Short Blades
 34214 | D:16     | Reached skill level 5 in Unarmed Combat
 34719 | D:17     | Noticed Kirke
 34741 | D:17     | Defeated Kirke
 35652 | D:16     | Reached XP level 16. HP: 110/110 MP: 18/18
 35974 | D:16     | Received a gift from Trog
 36817 | D:16     | Received a gift from Trog
 38312 | D:18     | Found a staircase to the Vaults.
 38504 | D:18     | HP: 5/110 [fire crab/blast of flame (25)]
 38508 | D:18     | Engulfed by a cloud of flame
